BOTTOM OF THE 1ST |
Tortolita Drummers batting - Pitching for Brinkley Belugas : RHP De John Cleland
|
Pitching: RHP De John Cleland
|
|
Batting: LHB Alberto Garza
|
0-0: Ball 1-0: Called Strike 1-1: Fly out, F7 (Line Drive, 78M)
|
Batting: RHB Keiran Calleson
|
0-0: Swinging Strike 0-1: Foul Ball, location: 2F 0-2: Strikes out swinging
|
Batting: RHB Jeffery Campbell
|
0-0: Ball 1-0: Ground out 3-1 (Groundball, 34S)
|
Bottom of the 1st over - 0 runs, 0 hits, 0 errors, 0 left on base; Brinkley 1 - Tortolita 0 |
TOP OF THE 2ND |
Brinkley Belugas batting - Pitching for Tortolita Drummers : RHP Oswaldo Mobray
|
Batting: RHB Eikki Kankaanperä
|
0-0: Ball 1-0: Ball 2-0: Ball 3-0: Called Strike 3-1: Called Strike 3-2: Base on Balls
|
Batting: RHB Jouo Hirschovits
|
0-0: Ball Passed Ball! Eikki Kankaanperä to second 1-0: Foul Ball, location: 2F 1-1: Ball 2-1: Ball 3-1: Foul Ball, location: 2F 3-2: Base on Balls
|
Batting: RHB Martín Alejadre
|
0-0: Grounds into double play, 6-4-3 (Groundball, 6) Eikki Kankaanperä to third
|
Batting: RHB Oscar Gandarilla
|
0-0: Ball 1-0: Swinging Strike 1-1: Ball 2-1: Called Strike 2-2: Ground out 6-3 (Groundball, 56)
|
Top of the 2nd over - 0 runs, 0 hits, 0 errors, 1 left on base; Brinkley 1 - Tortolita 0 |
BOTTOM OF THE 2ND |
Tortolita Drummers batting - Pitching for Brinkley Belugas : RHP De John Cleland
|
Batting: LHB Cliff Aldridge
|
0-0: Foul Ball, location: 2F 0-1: Ball 1-1: Foul Ball, location: 2F 1-2: Ball 2-2: Foul Ball, location: 2F 2-2: Foul Ball, location: 2F 2-2: Foul Ball, location: 2F 2-2: Ball 3-2: Foul Ball, location: 2F 3-2: Base on Balls
|
Batting: RHB Colby King
|
0-0: Called Strike 0-1: Swinging Strike 0-2: Strikes out swinging
|
Batting: SHB Marcos Roa
|
0-0: Called Strike 0-1: Ball 1-1: Swinging Strike 1-2: Ball 2-2: Foul Ball, location: 2F 2-2: Foul Ball, location: 2F 2-2: Ball 3-2: Strikes out looking
|
Batting: RHB Vincent Klein
|
0-0: Called Strike 0-1: Ball 1-1: Swinging Strike 1-2: Foul Ball, location: 2F 1-2: Strikes out swinging
|
Bottom of the 2nd over - 0 runs, 0 hits, 0 errors, 1 left on base; Brinkley 1 - Tortolita 0 |
TOP OF THE 3RD |
Brinkley Belugas batting - Pitching for Tortolita Drummers : RHP Oswaldo Mobray
|
Batting: LHB Jesús Hernández
|
0-0: Bunted foul 0-1: Ball 1-1: Fly out, F9 (Flyball, 9D)
|
Batting: RHB Cisco Feijoo
|
0-0: Ball 1-0: Swinging Strike 1-1: Called Strike 1-2: Ball 2-2: Fly out, F5 (Line Drive, 56)
|
Batting: RHB Guy Toussaint
|
0-0: Called Strike 0-1: Ball 1-1: Swinging Strike 1-2: Fly out, F5 (Popup, 56S)
|
Top of the 3rd over - 0 runs, 0 hits, 0 errors, 0 left on base; Brinkley 1 - Tortolita 0 |
BOTTOM OF THE 3RD |
Tortolita Drummers batting - Pitching for Brinkley Belugas : RHP De John Cleland
|
Batting: RHB Tomás Costello
|
0-0: Foul Ball, location: 2F 0-1: Foul Ball, location: 2F 0-2: Strikes out looking
|
Batting: RHB Ricardo Pacheco
|
0-0: Ball 1-0: Ball 2-0: Ball 3-0: Base on Balls
|
Batting: LHB Alberto Garza
|
0-0: Called Strike 0-1: Swinging Strike 0-2: Strikes out swinging
|
Batting: RHB Keiran Calleson
|
0-0: Ball Ricardo Pacheco steals 2nd base 1-0: Called Strike 1-1: Fly out, F9 (Flyball, 9)
|
Bottom of the 3rd over - 0 runs, 0 hits, 0 errors, 1 left on base; Brinkley 1 - Tortolita 0 |
TOP OF THE 4TH |
Brinkley Belugas batting - Pitching for Tortolita Drummers : RHP Oswaldo Mobray
|
Batting: RHB Felix Plugge
|
0-0: Called Strike 0-1: Foul Ball, location: 2F 0-2: Foul Ball, location: 2F 0-2: Strikes out swinging
|
Batting: RHB Wu-shiun Wang
|
0-0: Foul Ball, location: 2F 0-1: SINGLE (Flyball, 8RS)
|
Batting: RHB Eikki Kankaanperä
|
0-0: Ball 1-0: SINGLE (Groundball, 34) (infield hit) Wu-shiun Wang to second
|
Batting: RHB Jouo Hirschovits
|
0-0: Fly out, F8 (Line Drive, 8LD)
|
Batting: RHB Martín Alejadre
|
0-0: Foul Ball, location: 2F 0-1: SINGLE (Flyball, 8RM) Wu-shiun Wang to third Eikki Kankaanperä to second Runner from 3rd tries for Home, SAFE, no throw
|
Batting: RHB Oscar Gandarilla
|
0-0: Ground out 3-1 (Groundball, 34)
|
Top of the 4th over - 1 run, 3 hits, 0 errors, 2 left on base; Brinkley 2 - Tortolita 0 |
BOTTOM OF THE 4TH |
Tortolita Drummers batting - Pitching for Brinkley Belugas : RHP De John Cleland
|
Batting: RHB Jeffery Campbell
|
0-0: SINGLE (Groundball, 6MD)
|
Batting: LHB Cliff Aldridge
|
0-0: Called Strike 0-1: Ball 1-1: Called Strike 1-2: Ball 2-2: Ball 3-2: Grounds into double play, 4-6-3 (Groundball, 4)
|
Batting: RHB Colby King
|
0-0: Ball 1-0: Called Strike 1-1: Ball 2-1: Ball 3-1: Base on Balls
|
Batting: SHB Marcos Roa
|
0-0: Called Strike 0-1: Ball 1-1: Swinging Strike 1-2: Strikes out swinging
|
Bottom of the 4th over - 0 runs, 1 hit, 0 errors, 1 left on base; Brinkley 2 - Tortolita 0 |
TOP OF THE 5TH |
Brinkley Belugas batting - Pitching for Tortolita Drummers : RHP Oswaldo Mobray
|
Batting: LHB Jesús Hernández
|
0-0: Ground out 5-3 (Groundball, 56S)
|
Batting: RHB Cisco Feijoo
|
0-0: Fly out, F4 (Line Drive, 4)
|
Batting: RHB Guy Toussaint
|
0-0: Ball 1-0: Ball 2-0: SINGLE (Groundball, 4MD)
|
Batting: RHB Felix Plugge
|
0-0: Fly out, F9 (Flyball, 89M)
|
Top of the 5th over - 0 runs, 1 hit, 0 errors, 1 left on base; Brinkley 2 - Tortolita 0 |
BOTTOM OF THE 5TH |
Tortolita Drummers batting - Pitching for Brinkley Belugas : RHP De John Cleland
|
Batting: RHB Vincent Klein
|
0-0: Called Strike 0-1: Called Strike 0-2: Ground out 3-1 (Groundball, 23)
|
Batting: RHB Tomás Costello
|
0-0: Called Strike 0-1: Ball 1-1: Ball 2-1: Ball 3-1: Called Strike 3-2: Foul Ball, location: 2F 3-2: Fly out, F8 (Line Drive, 8LS)
|
Batting: RHB Ricardo Pacheco
|
0-0: Ball 1-0: Ball 2-0: Ball 3-0: Called Strike 3-1: Base on Balls
|
Batting: LHB Alberto Garza
|
0-0: Ball 1-0: 2-RUN HOME RUN (Flyball, 9LD), Distance : 351 ft
|
Batting: RHB Keiran Calleson
|
0-0: Ball 1-0: Ball 2-0: Foul Ball, location: 2F 2-1: Ball 3-1: Base on Balls
|
Batting: RHB Jeffery Campbell
|
0-0: Swinging Strike 0-1: SINGLE (Line Drive, 89S) Keiran Calleson to second
|
Batting: LHB Cliff Aldridge
|
0-0: Fly out, F8 (Flyball, 8LXD)
|
Bottom of the 5th over - 2 runs, 2 hits, 0 errors, 2 left on base; Brinkley 2 - Tortolita 2 |
TOP OF THE 6TH |
Brinkley Belugas batting - Pitching for Tortolita Drummers : RHP Oswaldo Mobray
|
Batting: RHB Wu-shiun Wang
|
0-0: Swinging Strike 0-1: Ball 1-1: SINGLE (Groundball, 5D)
|
Batting: RHB Eikki Kankaanperä
|
0-0: Bunted foul 0-1: Bunt - Flyout! F5
|
Batting: RHB Jouo Hirschovits
|
0-0: Ground out 4-3 (Groundball, 34) Wu-shiun Wang to second
|
Batting: RHB Martín Alejadre
|
0-0: Foul Ball, location: 2F 0-1: Ball 1-1: Foul Ball, location: 2F 1-2: Foul Ball, location: 2F 1-2: SINGLE (Line Drive, 6MD) Wu-shiun Wang to third
|
Batting: RHB Oscar Gandarilla
|
0-0: Called Strike 0-1: Ball 1-1: Foul Ball, location: 2F 1-2: SINGLE (Line Drive, 89M) Wu-shiun Wang scores Martín Alejadre to second
|
Batting: LHB Jesús Hernández
|
0-0: Swinging Strike 0-1: Foul Ball, location: 2F 0-2: Ball 1-2: Strikes out swinging
|
Top of the 6th over - 1 run, 3 hits, 0 errors, 2 left on base; Brinkley 3 - Tortolita 2 |
BOTTOM OF THE 6TH |
Tortolita Drummers batting - Pitching for Brinkley Belugas : RHP De John Cleland
|
Batting: RHB Colby King
|
0-0: Called Strike 0-1: Ball 1-1: Ball 2-1: Ground out 5-3 (Groundball, 5)
|
Batting: SHB Marcos Roa
|
0-0: Ball 1-0: Foul Ball, location: 2F 1-1: Called Strike 1-2: Ground out 5-3 (Groundball, 5)
|
Batting: RHB Vincent Klein
|
0-0: Ball 1-0: Called Strike 1-1: Foul Ball, location: 2F 1-2: Foul Ball, location: 2F 1-2: Ball 2-2: SINGLE (Groundball, 56D)
|
Pitching: RHP Carlos Rosales
|
|
Batting: RHB Tomás Costello
|
0-0: Called Strike 0-1: Ball 1-1: Foul Ball, location: 2F 1-2: Ball 2-2: Foul Ball, location: 2F 2-2: Ball 3-2: SINGLE (Line Drive, 56D) Vincent Klein to second Vincent Klein to third
|
Batting: RHB Ricardo Pacheco
|
0-0: Called Strike 0-1: SINGLE (Groundball, 25) (infield hit) Vincent Klein scores Tomás Costello to second
|
Batting: LHB Alberto Garza
|
0-0: Called Strike 0-1: Fielders Choice at 2nd, U6 (Groundball, 6M)
|
Bottom of the 6th over - 1 run, 3 hits, 0 errors, 2 left on base; Brinkley 3 - Tortolita 3 |
TOP OF THE 7TH |
Brinkley Belugas batting - Pitching for Tortolita Drummers : RHP Oswaldo Mobray
|
Batting: RHB Cisco Feijoo
|
0-0: Swinging Strike 0-1: Swinging Strike 0-2: Foul Ball, location: 2F 0-2: Strikes out swinging
|
Batting: RHB Guy Toussaint
|
0-0: Called Strike 0-1: Ball 1-1: Fly out, F8 (Flyball, 89D)
|
Batting: RHB Felix Plugge
|
0-0: Fly out, F7 (Flyball, 7)
|
Top of the 7th over - 0 runs, 0 hits, 0 errors, 0 left on base; Brinkley 3 - Tortolita 3 |
BOTTOM OF THE 7TH |
Tortolita Drummers batting - Pitching for Brinkley Belugas : RHP Carlos Rosales
|
Pinch Hitting: LHB Glen Allen Mixon
|
0-0: Called Strike 0-1: Ground out 4-3 (Groundball, 4)
|
Batting: RHB Jeffery Campbell
|
0-0: Called Strike 0-1: Ball 1-1: Foul Ball, location: 2F 1-2: Ground out 5-3 (Groundball, 5)
|
Batting: LHB Cliff Aldridge
|
0-0: Swinging Strike 0-1: Swinging Strike 0-2: Ball 1-2: Strikes out swinging
|
Bottom of the 7th over - 0 runs, 0 hits, 0 errors, 0 left on base; Brinkley 3 - Tortolita 3 |
TOP OF THE 8TH |
Brinkley Belugas batting - Pitching for Tortolita Drummers : RHP Oswaldo Mobray
|
Now at SS: Iván Chacón
|
|
Batting: RHB Wu-shiun Wang
|
0-0: Foul Ball, location: 2F 0-1: Ball 1-1: SOLO HOME RUN (Flyball, 9D), Distance : 373 ft
|
Batting: RHB Eikki Kankaanperä
|
0-0: Ball 1-0: Called Strike 1-1: SINGLE (Line Drive, 8LS)
|
Batting: RHB Jouo Hirschovits
|
0-0: Called Strike 0-1: Bunt missed! 0-2: Ball 1-2: Ball 2-2: Ball 3-2: Foul Ball, location: 2F 3-2: Foul Ball, location: 2F 3-2: Foul Ball, location: 2F 3-2: Base on Balls Eikki Kankaanperä to second
|
Pitching: LHP Gerardo García
|
|
Batting: RHB Martín Alejadre
|
0-0: Foul Ball, location: 2F 0-1: Foul Ball, location: 2F 0-2: DOUBLE (Groundball, 3L) Eikki Kankaanperä scores Jouo Hirschovits to third
|
Batting: RHB Oscar Gandarilla
|
0-0: Ball 1-0: Foul Ball, location: 2F 1-1: Ball 2-1: Ball 3-1: Foul Ball, location: 2F 3-2: Base on Balls
|
Batting: LHB Jesús Hernández
|
0-0: Ball 1-0: Ball 2-0: Foul Ball, location: 2F 2-1: Foul Ball, location: 2F 2-2: Foul Ball, location: 2F 2-2: Ball 3-2: Foul Ball, location: 2F 3-2: DOUBLE (Flyball, 78D) Jouo Hirschovits scores Martín Alejadre scores Oscar Gandarilla to third Runner from 3rd tries for Home, SAFE, no throw
|
Batting: RHB Cisco Feijoo
|
0-0: Foul Ball, location: 2F 0-1: Ball 1-1: Fly out, F8 (Flyball, 8LD)
|
Batting: RHB Guy Toussaint
|
0-0: Ball 1-0: Fly out, F8 (Flyball, 8RS)
|
Batting: RHB Felix Plugge
|
0-0: Ball 1-0: Ball Wild Pitch! Jesús Hernández to third 2-0: SINGLE (Groundball, 6MD) Jesús Hernández scores
|
Batting: RHB Wu-shiun Wang
|
0-0: Ground out U3 (Groundball, 3)
|
Top of the 8th over - 6 runs, 5 hits, 0 errors, 1 left on base; Brinkley 9 - Tortolita 3 |
BOTTOM OF THE 8TH |
Tortolita Drummers batting - Pitching for Brinkley Belugas : RHP Carlos Rosales
|
Batting: RHB Colby King
|
0-0: Called Strike 0-1: Called Strike 0-2: Ball 1-2: Foul Ball, location: 2F 1-2: Foul Ball, location: 2F 1-2: Foul Ball, location: 2F 1-2: Strikes out looking
|
Batting: SHB Marcos Roa
|
0-0: Fly out, F9 (Flyball, 9LDF)
|
Batting: RHB Vincent Klein
|
0-0: Ball 1-0: Foul Ball, location: 2F 1-1: Swinging Strike 1-2: Fly out, F8 (Flyball, 78M)
|
Bottom of the 8th over - 0 runs, 0 hits, 0 errors, 0 left on base; Brinkley 9 - Tortolita 3 |
TOP OF THE 9TH |
Brinkley Belugas batting - Pitching for Tortolita Drummers : LHP Gerardo García
|
Batting: RHB Eikki Kankaanperä
|
0-0: Called Strike 0-1: Ball 1-1: Swinging Strike 1-2: SOLO HOME RUN (Flyball, 7LD), Distance : 336 ft
|
Batting: RHB Jouo Hirschovits
|
0-0: Ball 1-0: Ball 2-0: Ball 3-0: Called Strike 3-1: Fly out, F8 (Flyball, 8LD)
|
Batting: RHB Martín Alejadre
|
0-0: Called Strike 0-1: Called Strike 0-2: Ball 1-2: Ball 2-2: SINGLE (Groundball, 6MD)
|
Batting: RHB Oscar Gandarilla
|
|
Pinch Hitting: RHB Jason Bringle
|
0-0: Called Strike Throwing error on steal attempt, E2 Martín Alejadre to third 0-1: Ball 1-1: Ground out U3 (Groundball, 23) Martín Alejadre scores
|
Pitching: RHP Mike Desmond
|
|
Batting: LHB Jesús Hernández
|
0-0: Ball 1-0: Called Strike 1-1: Foul Ball, location: 2F 1-2: Ball 2-2: Ball 3-2: Base on Balls
|
Batting: RHB Cisco Feijoo
|
0-0: Ball 1-0: Ball 2-0: Ball 3-0: Base on Balls Jesús Hernández to second
|
Batting: RHB Guy Toussaint
|
0-0: SINGLE (Groundball, 56D) Jesús Hernández to third Cisco Feijoo to second Runner from 3rd tries for Home, SAFE, no throw
|
Batting: RHB Felix Plugge
|
0-0: Ball 1-0: Fielders Choice at 2nd, 5-4 (Groundball, 5)
|
Top of the 9th over - 3 runs, 3 hits, 1 error, 2 left on base; Brinkley 12 - Tortolita 3 |
BOTTOM OF THE 9TH |
Tortolita Drummers batting - Pitching for Brinkley Belugas : RHP Carlos Rosales
|
Now at 3B: Jason Bringle
|
|
Batting: RHB Tomás Costello
|
0-0: Ball 1-0: Called Strike 1-1: Ball 2-1: Ground out 6-3 (Groundball, 6S)
|
Batting: RHB Ricardo Pacheco
|
0-0: Ball 1-0: Fly out, F8 (Flyball, 89M)
|
Batting: LHB Alberto Garza
|
0-0: Ball 1-0: Foul Ball, location: 2F 1-1: Swinging Strike 1-2: Ball 2-2: Ball 3-2: Foul Ball, location: 2F 3-2: SINGLE (Line Drive, 56D)
|
Batting: RHB Iván Chacón
|
0-0: Ball 1-0: Ball 2-0: Ball 3-0: Called Strike 3-1: Fly out, F5 (Line Drive, 5L)
|
Bottom of the 9th over - 0 runs, 1 hit, 0 errors, 1 left on base; Brinkley 12 - Tortolita 3 |
|